 Dungeon Crawl Stone Soup version 0.22.1-2-g9c5b331383 (webtiles) character file.

123 Jukra the Chopper (level 4, -2/41 HPs)
             Began as a Minotaur Monk on Dec 24, 2018.
             Slain by a worker ant (6 damage)
             ... on level 4 of the Dungeon.
             The game lasted 00:06:42 (2160 turns).

Jukra the Chopper (Minotaur Monk)                   Turns: 2160, Time: 00:06:43

Health: -2/41      AC:  8    Str: 17    XL:     4   Next: 79%
Magic:  3/3        EV:  8    Int:  7    God:
Gold:   127        SH:  0    Dex: 12    Spells: 3/3 levels left

rFire    . . .     SeeInvis .   s - +0 great sword
rCold    . . .     Gourm    .   (shield currently unavailable)
rNeg     . . .     Faith    .   b - +0 chain mail
rPois    .         Spirit   .   (helmet restricted)
rElec    .         Reflect  .   (no cloak)
rCorr    .         Harm     .   (no gloves)
MR       .....                  (no boots)
Stlth    ..........             m - amulet of rage
HPRegen  0.13/turn              (no ring)
MPRegen  0.08/turn              (no ring)

@: no status effects
A: retaliatory headbutt, horns 2
a: Evoke Berserk Rage


You were on level 4 of the Dungeon.
You were not hungry.

You visited 1 branch of the dungeon, and saw 4 of its levels.

You collected 127 gold pieces.

Inventory:

Hand Weapons
 p - a +0 hand axe
 s - a +0 great sword (weapon)
Armour
 b - a +0 chain mail (worn)
 k - a +0 chain mail
Jewellery
 m - an amulet of rage (around neck)
Wands
 a - a wand of scattershot (5)
Scrolls
 d - 2 scrolls of amnesia
 e - a scroll of identify
 g - 2 scrolls of remove curse
 j - a scroll of fog
 l - a scroll of enchant weapon {unknown}
 o - a scroll of teleportation {unknown}
Potions
 f - a potion of lignification {unknown}
 h - a potion of ambrosia {unknown}
 i - a potion of curing {unknown}
 n - 2 potions of heal wounds {unknown}
 q - a potion of resistance {unknown}
Comestibles
 c - 5 rations


   Skills:
 + Level 4.5 Fighting
 - Level 4.9 Axes
 * Level 2.2 Armour
 + Level 3.8 Dodging
 + Level 1.9 Stealth


You had 3 spell levels left.
You didn't know any spells.
Your spell library was empty.

Dungeon Overview and Level Annotations

Branches:
Dungeon (4/15)
 Temple: D:4-7

Altars:
Vehumet
Xom


Innate Abilities, Weirdness & Mutations

You reflexively headbutt those who attack you in melee.
You have a pair of horns on your head.


Message History

Unknown command.
Unknown command.
You are too injured to fight recklessly!
You are too injured to fight recklessly!
You hit the howler monkey but do no damage.
The howler monkey is almost dead.
The centaur skeleton hits you. The worker ant bites you.
* * * LOW HITPOINT WARNING * * *
The howler monkey hits you.
* * * LOW HITPOINT WARNING * * *
The orc hits you from afar with a trident.
* * * LOW HITPOINT WARNING * * *
The centaur skeleton barely misses you. You furiously retaliate!
You headbutt the centaur skeleton!
The worker ant bites you but does no damage.
The howler monkey hits you but does no damage.
The orc closely misses you.
The centaur skeleton hits you but does no damage.
You fail to use your ability.
The worker ant bites you.
You die...

#.# ### ##.#####.#
#........ #........###
#....... ...........#
#......#
#........#.###..Z$..#
#.(......#..##......###.
#........##.##..o.......
#........##..#...a......
#........###.#.?@Z.....[
#........###.#...h......
.......†..##.#.=........
#.....)...##..#####.###.
...######.###.# .# ##.#
#.# #.# # ##.# #.# #.#
.#.# #.# #.# ...# #.#
#..


You could see a howler monkey, a worker ant, an orc, an adder skeleton and a
centaur skeleton.

Vanquished Creatures
  4 adders
  A gnoll (D:1)
  An ooze (D:2)
  A worm (D:4)
  A dart slug (D:2)
  2 leopard geckos
  2 orcs
  11 bats
  4 giant cockroaches
  9 goblins
  4 hobgoblins
  A quokka (D:2)
  5 frilled lizards
  10 kobolds
  6 rats
62 creatures vanquished.

Notes
Turn   | Place    | Note
-------+----------+-------------------------------------------
     0 | D:1      | Jukra the Minotaur Monk began the quest for the Orb.
     0 | D:1      | Reached XP level 1. HP: 19/19 MP: 0/0
    72 | D:1      | Reached XP level 2. HP: 27/27 MP: 1/1
   375 | D:1      | Reached XP level 3. HP: 33/33 MP: 2/2
  1076 | D:2      | Reached skill level 1 in Armour
  1076 | D:2      | Reached XP level 4. HP: 37/41 MP: 3/3
  1630 | D:3      | Found a radiant altar of Vehumet.
  1692 | D:3      | Found a shimmering altar of Xom.
  2160 | D:4      | Slain by a worker ant

Skill      XL: |  1  2  3  4 |
---------------+-------------+-----
Fighting       | 4 |  4.5
Axes           | 4 |  4.9
Armour         | 1 2 |  2.2
Dodging        | |  3.8
Stealth        | |  1.9

Action                   |  1- 3 |  4- 6 || total
-------------------------+-------+-------++-------
Melee: Hand axe          |    65 |    53 ||   118
       Headbutt          |    10 |     6 ||    16
       Great sword       |       |     3 ||     3
  Use: Scroll            |       |     4 ||     4
 Stab: Sleeping          |     2 |       ||     2
  Eat: Chunk             |       |     2 ||     2
       Ration            |       |     1 ||     1
Armor: Robe              |     4 |       ||     4
       Ring mail         |    11 |       ||    11
       Chain mail        |    22 |    33 ||    55
Dodge: Dodged            |    54 |    32 ||    86
       Rpst.: Great sword |       |     2 ||     2
